 Dungeon Crawl Stone Soup version 0.21.1-1-g345015fe64 (webtiles) character file.

29855 Ikesh the Thaumaturge (level 13, -1/69 HPs)
             Began as a Gargoyle Earth Elementalist on Feb 8, 2018.
             Was a High Priest of Qazlal.
             Slain by Snorg (24 damage)
             ... on level 11 of the Dungeon on Feb 9, 2018.
             The game lasted 02:32:08 (17838 turns).

Ikesh the Thaumaturge (GrEE)                       Turns: 17838, Time: 02:32:08

Health: -1/69      AC: 23    Str: 12    XL:     13   Next: 48%
Magic:  17/30      EV: 13    Int: 26    God:    Qazlal [*****.]
Gold:   1174       SH:  7    Dex: 10    Spells: 15/38 levels left

rFire    + . .     SeeInvis .   m - staff of earth
rCold    . . .     Gourm    .   (no shield)
rNeg     + . .     Faith    .   q - +3 leather armour {rC+}
rPois    ∞         Spirit   .   b - +0 helmet
rElec    +         Reflect  .   (no cloak)
rCorr    .         Harm     .   J - +2 pair of gloves
MR       .....                  (no boots)
Stlth    +.........             (no amulet)
HPRegen  0.21/turn              o - +5 ring of intelligence
MPRegen  0.22/turn              n - ring of fire

@: protected from physical damage, repel missiles
A: negative energy resistance 1, electricity resistance, unbreathing,
petrification resistance, rot immunity, AC +9
a: Upheaval, Elemental Force, Disaster Area, Renounce Religion


You were on level 11 of the Dungeon.
You worshipped Qazlal.
Qazlal was extremely pleased with you.
You were not hungry.

You visited 4 branches of the dungeon, and saw 16 of its levels.
You also visited: Sewer and Ice Cave.

You collected 1174 gold pieces.

Inventory:

Missiles
 v - 110 stones (quivered)
Armour
 b - a +0 helmet (worn)
 q - a +3 leather armour of cold resistance (worn)
 J - a +2 pair of gloves (worn)
 K - a +0 troll leather armour
 M - a +1 pair of gloves
 N - a +1 robe of the Archmagi
Magical Staves
 m - an uncursed staff of earth (weapon)
Jewellery
 n - a ring of fire (right hand)
 o - a +5 ring of intelligence (left hand)
 s - a +3 ring of strength
Wands
 c - a wand of iceblast (11)
 g - a wand of enslavement (12)
 w - a wand of random effects (33)
 G - a wand of paralysis (15)
 I - a wand of disintegration (15)
Scrolls
 a - a scroll of teleportation
 f - 9 scrolls of remove curse
 j - a scroll of amnesia
 k - 2 scrolls of fog
 l - 3 scrolls of magic mapping
 t - 3 scrolls of enchant weapon
 u - 7 scrolls of identify
 x - a scroll of silence {unknown}
 A - 2 scrolls of fear
 L - a scroll of vulnerability {unknown}
Potions
 h - 7 potions of lignification
 i - 2 potions of agility
 p - a potion of mutation
 z - a potion of might
 C - 5 potions of curing
 D - 2 potions of flight
Books
 e - a book of Geomancy

   Spells                             Type                      Level
   a - Sandblast                      Earth                        1
   b - Passwall                       Transmutation/Earth          2
   c - Stone Arrow                    Conjuration/Earth            3
   d - Petrify                        Transmutation/Earth          4
   e - Lee's Rapid Deconstruction     Earth                        5
 y - a book of Battle

   Spells                             Type                      Level
   a - Infusion                       Charms                       1
   b - Shroud of Golubria             Charms/Translocation         2
   c - Song of Slaying                Charms                       2
   d - Spectral Weapon                Hexes/Charms                 3
   e - Regeneration                   Charms/Necromancy            3
 E - a book of Conjurations

   Spells                             Type                      Level
   a - Magic Dart                     Conjuration                  1
   b - Searing Ray                    Conjuration                  2
   c - Dazzling Spray                 Conjuration/Hexes            3
   d - Fulminant Prism                Conjuration/Hexes            4
   e - Force Lance                    Conjuration/Translocation    4
   f - Iskenderun's Mystic Blast      Conjuration                  4
 F - a book of Minor Magic

   Spells                             Type                      Level
   a - Magic Dart                     Conjuration                  1
   b - Blink                          Translocation                2
   c - Call Imp                       Summoning                    2
   d - Slow                           Hexes                        2
   e - Conjure Flame                  Conjuration/Fire             3
   f - Mephitic Cloud                 Conjuration/Poison/Air       3
Comestibles
 d - 21 rations
 r - 3 chunks of flesh


   Skills:
 + Level 3.6 Fighting
 + Level 5.3 Staves
 + Level 4.3 Armour
 + Level 5.1 Dodging
 - Level 2.1 Stealth
 * Level 13.3 Spellcasting
 + Level 6.4 Conjurations
 + Level 1.2 Charms
 + Level 1.2 Translocations
 - Level 0.7 Transmutations
 + Level 11.8 Earth Magic
 * Level 8.8 Invocations
 + Level 2.0 Evocations


You had 15 spell levels left.
You knew the following spells:

 Your Spells              Type           Power        Failure   Level  Hunger
a - Sandblast             Erth           ######       1%          1    None
b - Passwall              Tmut/Erth      ######....   1%          2    None
c - Stone Arrow           Conj/Erth      ######       1%          3    None
d - Lee's Rapid Deconstr  Erth           #######...   1%          5    ##.....
e - Shroud of Golubria    Chrm/Tloc      ###.......   3%          2    None
f - Regeneration          Chrm/Necr      ###.......   10%         3    None
g - Searing Ray           Conj           ######       1%          2    None
h - Conjure Flame         Conj/Fire      ######..     3%          3    None
i - Blink                 Tloc           N/A          3%          2    None


Dungeon Overview and Level Annotations

Branches:
Dungeon (12/15)            Temple (1/1) D:5            Lair (0/6) D:11
    Orc (2/2) D:10            Elf (1/3) Orc:2

Altars:
Ashenzari
Cheibriados
Dithmenos
Elyvilon
Fedhas
Gozag
Hepliaklqana
Kikubaaqudgha
Makhleb
Nemelex Xobeh
Okawaru
Qazlal
Ru
Sif Muna
Trog
Uskayaw
Vehumet
Wu Jian
Xom
Yredelemnul
Zin
The Shining One
Beogh

Shops:
Orc:1 :   Orc:2 [%!?

Annotations:
D:11 Snorg


Innate Abilities, Weirdness & Mutations

You are resistant to torment.
Your stone body is resilient. (AC +9)
You are immune to poison.
You resist negative energy. (rN+)
You are resistant to electric shocks. (rElec)
You can survive without breathing.
You are immune to petrification.
You are immune to rotting.


Message History

Snorg barely misses you. Snorg closely misses you. You block Snorg's attack.
You climb upwards.
There is a stone staircase leading down here.
Casting: Stone Arrow
Confirm with . or Enter, or press ? or * to list all spells.
You blink.
Casting: Blink
Confirm with . or Enter, or press ? or * to list all spells.
You blink.
Snorg bites you.
* * * LOW HITPOINT WARNING * * *
You feel more protected from physical attacks.
Snorg misses you. You block Snorg's attack.
You feel much better. Snorg bites you!
You feel more protected from physical attacks.
Snorg closely misses you. You block Snorg's attack.
Snorg bites you but does no damage. Snorg claws you but does no damage.
Snorg barely misses you.
As you read the scroll of fear, it crumbles to dust.
You assume a fearsome visage.
Snorg bites you!!
You die...

..........≈≈#.#....#
#.#
..........≈##.#.##.#
#.#
....⌠....≈≈##.#.##.#
#.#
≈.......≈≈###.#.##.#
#.# ≈≈....≈≈≈##
#.#.##.######.##
#≈≈≈≈≈≈###
#.#.#..........#
########
#.#.############
#####.#######.#.....#
...............§@##.#
..###.#######.##T##.#
..+.....* #.##.##.#
..###.#.#####.##.##.#
..# #.#.#.....##.##.#
..###.#.#.######.##.#
...##.#.#.* #.##.#
...##.#.#.######.##.#
...##.#.#...........#


You could see Snorg (berserk).

Vanquished Creatures
  A deep elf sorcerer (Orc:2)
  A deep elf annihilator (Orc:2)
  2 ettins
  2 hydras
  3 two-headed ogres
  The ghost of Faustar the Basher, a novice FoAK of Lugonu (D:9)
  4 orc high priests
  Nergalle (D:9)
  A deep elf mage (D:11)
  4 orc sorcerers (Orc:2)
  6 orc knights
  An orange demon (D:12)
  A gargoyle (D:10)
  A kobold demonologist (D:11)
  5 trolls
  Grinder (D:4)
  2 dream sheep (D:8)
  A shadow (D:11)
  12 yaks
  Sigmund (D:3)
  2 wyverns
  2 hungry ghosts (D:11)
  Menkaure (D:4)
  A naga (shapeshifter) (D:10)
  6 wargs (Orc:1)
  A water moccasin (D:9)
  19 orc warriors
  A black bear (D:6)
  10 ice beasts
  4 necrophages
  8 ogres
  3 wolves
  A phantom (D:4)
  A centaur (D:10)
  8 big kobolds
  8 bullfrogs
  A scorpion (D:9)
  11 wights
  4 electric eels
  3 crimson imps
  3 bullfrog zombies
  3 hounds
  2 centaur zombies
  13 orc priests
  A jelly (D:9)
  18 orc wizards
  2 centaur skeletons
  A bullfrog skeleton (D:4)
  Ijyb (D:4)
  Natasha (thrice) (D:3)
  9 worker ants
  A killer bee zombie (D:7)
  A hound zombie (D:7)
  A hound skeleton (D:8)
  A howler monkey zombie (D:10)
  A worker ant zombie (D:10)
  8 gnolls
  15 adders
  3 shadow imps
  2 oozes
  An adder zombie (D:7)
  6 worms
  5 dart slugs
  5 leopard geckos
  58 orcs
  8 ball pythons
  23 bats
  10 giant cockroaches
  6 goblins
  7 hobgoblins
  16 jackals
  19 kobolds
  8 quokkas
  9 frilled lizards
  A jackal skeleton (D:8)
  A jackal zombie (D:5)
  A quokka zombie (D:7)
  19 rats
438 creatures vanquished.

Vanquished Creatures (collateral kills)
  2 kobolds (D:8)
2 creatures vanquished.

Vanquished Creatures (others)
  A yak (D:10)
  An orc warrior (Orc:2)
  3 wights (D:6)
  A worker ant zombie (D:6)
  A kobold (D:8)
  A bush (D:10)
  9 plants (D:10)
17 creatures vanquished.

Grand Total: 457 creatures vanquished

Notes
Turn   | Place    | Note
-------+----------+-------------------------------------------
     0 | D:1      | Ikesh the Gargoyle Earth Elementalist began the quest for the Orb.
     0 | D:1      | Reached XP level 1. HP: 10/10 MP: 3/3
   199 | D:1      | Reached XP level 2. HP: 10/15 MP: 0/5
   203 | D:1      | Learned a level 2 spell: Passwall
   529 | D:1      | Reached XP level 3. HP: 16/20 MP: 1/6
  1290 | D:2      | Reached XP level 4. HP: 17/24 MP: 3/8
  1442 | D:2      | Learned a level 3 spell: Stone Arrow
  1494 | D:2      | Found a faded altar of an unknown god.
  1516 | D:2      | Reached skill level 1 in Armour
  1940 | D:2      | Reached skill level 3 in Spellcasting
  1976 | D:2      | Reached XP level 5. HP: 27/28 MP: 9/9
  2317 | D:3      | Reached skill level 1 in Staves
  2488 | D:3      | Noticed an ogre
  2512 | D:3      | Killed an ogre
  2512 | D:3      | Reached skill level 1 in Fighting
  2512 | D:3      | Reached skill level 5 in Earth Magic
  2512 | D:3      | Reached XP level 6. HP: 32/34 MP: 0/11
  3099 | D:3      | Noticed Sigmund
  3590 | D:3      | Noticed Natasha
  3600 | D:3      | Killed Natasha
  3660 | D:3      | Noticed Natasha
  3687 | D:3      | Killed Natasha
  3741 | D:3      | Noticed Natasha
  3745 | D:3      | Killed Natasha
  3745 | D:3      | Reached skill level 4 in Spellcasting
  3833 | D:3      | Killed Sigmund
  3833 | D:3      | Reached skill level 1 in Conjurations
  3833 | D:3      | Reached XP level 7. HP: 38/38 MP: 0/13
  3885 | D:4      | Noticed Ijyb
  3886 | D:4      | Found an ancient bone altar of Kikubaaqudgha.
  3906 | D:4      | Killed Ijyb
  3949 | D:4      | Found a glowing drain.
  3982 | Sewer    | Entered a sewer
  4497 | D:4      | Noticed Grinder
  4741 | D:4      | Killed Grinder
  4741 | D:4      | Reached skill level 5 in Spellcasting
  4741 | D:4      | Reached XP level 8. HP: 42/44 MP: 6/15
  5193 | D:4      | Noticed Menkaure
  5292 | D:4      | Killed Menkaure
  5609 | D:5      | Entered Level 5 of the Dungeon
  5664 | D:5      | Reached skill level 6 in Spellcasting
  6045 | D:5      | Found a staircase to the Ecumenical Temple.
  6050 | Temple   | Entered the Ecumenical Temple
  6112 | Temple   | Became a worshipper of Qazlal Stormbringer
  6753 | D:6      | Reached XP level 9. HP: 48/48 MP: 10/18
  7132 | D:6      | Reached * piety under Qazlal
  7337 | D:6      | Reached skill level 7 in Spellcasting
  7658 | D:6      | Learned a level 5 spell: Lee's Rapid Deconstruction
  7972 | D:7      | Reached skill level 1 in Invocations
  8000 | D:7      | Learned a level 2 spell: Shroud of Golubria
  8004 | D:7      | Learned a level 3 spell: Regeneration
  8045 | D:7      | Found an iron altar of Okawaru.
  8456 | D:7      | Learned a level 2 spell: Searing Ray
  8651 | D:8      | Reached ** piety under Qazlal
  9260 | D:8      | Reached skill level 8 in Spellcasting
  9260 | D:8      | Reached XP level 10. HP: 54/54 MP: 20/22
  9305 | D:8      | Noticed a two-headed hydra
  9453 | D:8      | Killed a two-headed hydra
  9716 | D:9      | Reached *** piety under Qazlal
  9716 | D:9      | Reached skill level 1 in Evocations
 10025 | D:9      | Noticed Faustar's ghost (novice FoAK)
 10047 | D:9      | Killed Faustar's ghost
 10047 | D:9      | Reached skill level 9 in Spellcasting
 10373 | D:9      | Learned a level 3 spell: Conjure Flame
 10558 | D:10     | Entered Level 10 of the Dungeon
 10754 | D:10     | Noticed a gargoyle
 10764 | D:10     | Killed a gargoyle
 10856 | D:10     | Reached XP level 11. HP: 37/59 MP: 4/24
 10892 | D:9      | Reached skill level 10 in Spellcasting
 11155 | D:10     | Reached skill level 5 in Invocations
 11210 | D:10     | Reached **** piety under Qazlal
 11234 | D:10     | Noticed Nergalle
 11590 | D:9      | Killed Nergalle
 11877 | D:10     | Found a staircase to the Orcish Mines.
 11887 | D:10     | Reached skill level 10 in Earth Magic
 12223 | D:10     | Found a blossoming altar of Fedhas.
 12402 | Orc:1    | Entered Level 1 of the Orcish Mines
 12719 | Orc:1    | Found Ritog's Book Shoppe.
 12967 | Orc:1    | Noticed an orc knight
 12970 | Orc:1    | Killed an orc knight
 12982 | Orc:1    | Noticed an ettin
 12985 | Orc:1    | Killed an ettin
 12985 | Orc:1    | Reached skill level 11 in Spellcasting
 13196 | Orc:1    | Found a runed door.
 13217 | Orc:1    | Learned a level 2 spell: Blink
 13242 | Orc:1    | Noticed an orc knight
 13285 | Orc:1    | Killed an orc knight
 13285 | Orc:1    | Reached skill level 5 in Staves
 13544 | Orc:1    | Reached ***** piety under Qazlal
 13633 | Orc:1    | Found a roughly hewn altar of Beogh.
 13744 | Orc:1    | Reached XP level 12. HP: 64/64 MP: 19/27
 13793 | Orc:2    | Entered Level 2 of the Orcish Mines
 13801 | Orc:2    | Noticed an orc high priest
 14284 | Orc:2    | Noticed a two-headed ogre
 14297 | Orc:1    | Killed a two-headed ogre
 14357 | Orc:2    | Killed an orc high priest
 14357 | Orc:2    | Reached skill level 5 in Conjurations
 14357 | Orc:2    | Reached skill level 1 in Charms
 14362 | Orc:2    | Noticed an ettin
 14366 | Orc:2    | Killed an ettin
 14507 | Orc:2    | Found a staircase to the Elven Halls.
 14723 | Orc:2    | Noticed an orc high priest
 14728 | Orc:2    | Noticed a soul eater
 14842 | Orc:1    | Killed an orc high priest
 14842 | Orc:1    | Reached skill level 12 in Spellcasting
 14917 | Orc:2    | Noticed an orc high priest
 14922 | Orc:2    | Killed an orc high priest
 15302 | Orc:2    | Reached skill level 1 in Translocations
 15306 | Orc:2    | Noticed an orc high priest
 15449 | Orc:2    | Killed an orc high priest
 15623 | Orc:2    | Found Sagh's Magic Scroll Boutique.
 15623 | Orc:2    | Found Exzufum's Distillery.
 15624 | Orc:2    | Found Veisum's Food Emporium.
 15628 | Orc:2    | Found Nedubufo's Antique Armour Emporium.
 15838 | Elf:1    | Entered Level 1 of the Elven Halls
 15838 | Elf:1    | Noticed a deep elf knight
 15838 | Elf:1    | Noticed a deep elf death mage
 15838 | Elf:1    | Noticed a deep elf annihilator
 15838 | Elf:1    | Noticed a deep elf sorcerer
 15844 | Orc:2    | Killed a deep elf sorcerer
 15844 | Orc:2    | Reached XP level 13. HP: 51/69 MP: 15/29
 15929 | Orc:2    | Killed a deep elf annihilator
 16423 | D:11     | Reached skill level 13 in Spellcasting
 16477 | D:11     | Found a frozen archway.
 16622 | IceCv    | Entered an ice cave
 16645 | D:11     | Reached skill level 5 in Dodging
 17007 | D:11     | Found a staircase to the Lair.
 17819 | D:12     | Noticed Snorg
 17838 | D:11     | Slain by Snorg

Skill      XL: |  1  2  3  4  5  6  7  8  9 10 11 12 13 |
---------------+----------------------------------------+-----
Earth Magic    | 4 5 6 8 9 10 11 | 11.8
Armour         | 1 2 3 4 |  4.3
Dodging        | 2 3 4 5 |  5.1
Spellcasting   | 3 4 5 6 8 9 11 12 13 | 13.3
Staves         | 1 2 3 4 5 |  5.3
Fighting       | 1 2 3 |  3.6
Conjurations   | 1 3 4 5 6 |  6.4
Invocations    | 3 4 6 8 |  8.8
Evocations     | 1 2 |  2.0
Charms         | 1 |  1.2
Translocations | 1 |  1.2
Stealth        | |  2.1
Transmutations | |  0.7

Action                   |  1- 3 |  4- 6 |  7- 9 | 10-12 | 13-15 || total
-------------------------+-------+-------+-------+-------+-------++-------
Melee: Hand axe          |     6 |       |       |       |       ||     6
       Dagger            |    41 |       |       |       |       ||    41
       Short sword       |    54 |       |       |       |       ||    54
       Staff             |       |   164 |   354 |   224 |    87 ||   829
       Club              |       |    10 |       |       |       ||    10
 Cast: Sandblast         |    27 |    24 |    43 |    67 |    17 ||   178
       Stone Arrow       |       |    24 |    72 |   185 |    70 ||   351
       Searing Ray       |       |       |     2 |     2 |     1 ||     5
       Passwall          |       |       |     2 |    10 |     7 ||    19
       Lee's Rapid Decon |       |       |       |    19 |     1 ||    20
       Shroud of Golubri |       |       |       |    22 |     4 ||    26
       Conjure Flame     |       |       |       |     2 |       ||     2
       Blink             |       |       |       |       |     3 ||     3
Evoke: Wand              |       |       |     7 |    26 |     6 ||    39
  Use: Scroll            |       |     8 |     9 |     4 |     3 ||    24
       Potion            |       |     4 |     1 |     4 |     4 ||    13
 Stab: Sleeping          |     4 |     3 |     6 |       |       ||    13
       Paralysed         |       |       |       |    12 |       ||    12
  Eat: Chunk             |     1 |     8 |    14 |    14 |     5 ||    42
       Ration            |       |     1 |     1 |     3 |     1 ||     6
Armor: Leather armour    |    51 |    99 |   241 |   107 |    82 ||   580
       Robe              |       |       |       |     4 |       ||     4
Dodge: Dodged            |    63 |   148 |   297 |   168 |   117 ||   793
       Deflected         |       |       |       |     1 |     1 ||     2
Block: Other             |       |       |    22 |    69 |    73 ||   164
